 Dungeon Crawl Stone Soup version 0.32-a0-18-g89e19f1974 (webtiles) character file.

Game seed: 10862332464867055922

8 bobarctor the Ruffian (level 2, 19/21 HPs)
             Began as a Demonspawn Shapeshifter on Jan 17, 2024.
             Got out of the dungeon alive.
             The game lasted 00:00:48 (166 turns).

bobarctor the Ruffian (Demonspawn Shapeshifter)      Turns: 166, Time: 00:00:48

Health: 19/21      AC:  2    Str: 14    XL:     2   Next: 0%
Magic:  2/2        EV: 12    Int: 10    God:
Gold:   18         SH:  0    Dex: 12    Spells: 1/1 levels left

rFire   . .          .
                       - Unarmed
rCold   . . .        (no shield)
rNeg    . . .        a - +0 animal skin
rPois   .            (helmet currently unavailable)
rElec   .            (cloak currently unavailable)
rCorr   .            (gloves currently unavailable)
SInv    .            (boots currently unavailable)
Will    .....        (no amulet)
Stlth   +            (no ring)
HPRegen 0.23/turn    (no ring)
MPRegen 0.16/turn

%: no passive effects
@: beast-form
A: beast (slay +1), magic regeneration
a: Begin Untransformation


You escaped.
You were a hulking beast.
You visited 1 branch of the dungeon, and saw 1 of its levels.

You collected 18 gold pieces.

Inventory:

Missiles
 e - 4 stones (quivered)
Armour
 a - a +0 animal skin (worn)
Talismans
 c - a beast talisman
 d - a flux talisman
Scrolls
 f - a scroll of vulnerability {unknown}
Potions
 b - a potion of lignification


   Skills:
 + Level 1.2 Fighting
 + Level 1.9 Dodging
 * Level 2.9 Unarmed Combat
 * Level 2.8 Shapeshifting


You had one spell level left.
You didn't know any spells.
Your spell library was empty.

Dungeon Overview and Level Annotations

Branches:
Dungeon (1/15)

Altars:


Innate Abilities, Weirdness & Mutations

You are a hulking beast.
Your limbs bulge with bestial killing power. (Slay +1)
You regenerate magic rapidly.


Message History

You hit the frilled lizard.
You kill the frilled lizard!
You see here a frilled lizard corpse.
You see here a frilled lizard corpse.
You now have 18 gold pieces (gained 6).
Found a mace.
You see here a +0 mace.
You see here a +0 mace.
A ball python and a quokka come into view.
You barely miss the ball python. The ball python barely misses you.
The ball python grabs you. The ball python constricts you.
The quokka bites you but does no damage.
You barely miss the ball python. The ball python barely misses you.
The ball python constricts you. The quokka closely misses you.
You barely miss the ball python. The ball python bites you.
The ball python constricts you. The quokka closely misses you.
You hit the ball python.
You kill the ball python!
The quokka misses you. The quokka bites you.
You see here a ball python corpse.
You hit the quokka.
The quokka is severely wounded.
The quokka bites you. The quokka closely misses you.
You hit the quokka but do no damage.
The quokka is severely wounded.
The quokka closely misses you.
You hit the quokka but do no damage.
The quokka is severely wounded.
The quokka bites you.
You hit the quokka.
You kill the quokka!
You have reached level 2!
Your demonic ancestry asserts itself...
Your magic begins to regenerate rapidly.
A giant cockroach comes into view.
You see here a hobgoblin corpse.
You see here a rat corpse.
There is a staircase leading out of the dungeon here.
You have escaped!

+....# #...##
#########...#
............#
#
............#
#
............#
#
...♣........#
#
....8....#.##
#
.......h...#
#
.........###
# .........#
# .........#
##########


There were no monsters in sight!

Vanquished Creatures
  A ball python (D:1)
  A hobgoblin (D:1)
  2 quokkas (D:1)
  A frilled lizard (D:1)
  A kobold (D:1)
  2 rats (D:1)
8 creatures vanquished.

Notes
Turn   | Place    | Note
-------+----------+-------------------------------------------
     0 | D:1      | bobarctor the Demonspawn Shapeshifter began the quest for
                  | the Orb.
     0 | D:1      | Reached XP level 1. HP: 15/15 MP: 1/1
   127 | D:1      | Gained mutation: You regenerate magic rapidly. [demonic
                  | ancestry]
   127 | D:1      | Reached XP level 2. HP: 10/21 MP: 2/2
   166 | D:$      | Got out of the dungeon alive.

Illustrated notes

Levels and vault maps discovered:
D:1:      wander_arrival_peaceful_grave, layout_basic

Action                     || total
---------------------------++-------
  Melee: Unarmed           ||    17
 Armour: Animal skin       ||     7
  Dodge: Dodged            ||    10

Table legend: (Time is in decaauts)
 A = Elapsed time spent in this place.
 B = Non-inter-level travel time spent in this place.
 C = Inter-level travel time spent in this place.
 D = Time resting spent in this place.
 E = Time spent auto-exploring this place.
 F = Levels seen in this place.
 G = Mean time per level.
                   A        B        C        D        E       F      G
               +--------+--------+--------+--------+--------+-----+--------+
         Total |    165 |    141 |     24 |      0 |     72 |   1 |  165.0 |
       Dungeon |    165 |    141 |     24 |      0 |     72 |   1 |  165.0 |
               +--------+--------+--------+--------+--------+-----+--------+

Top non-repeatable levels by time:
     D:1: 165 daAuts
